 Seeded DCSS version 0.30-a0-1085-g990a428a5c (webtiles) character file.

Game seed: 2079774914387363917 (custom seed)

21 voltaire321 the Poker (level 2, -3/23 HPs)
             Began as a Merfolk Gladiator on Apr 16, 2023.
             Slain by a gnoll
             ... wielding a +0 spear
              (6 damage)
             ... on level 2 of the Dungeon.
             The game lasted 00:01:37 (815 turns).

voltaire321 the Poker (Merfolk Gladiator)            Turns: 815, Time: 00:01:38

Health: -3/23      AC:  4    Str: 14    XL:     2   Next: 87%
Magic:  2/2        EV: 13    Int:  7    God:
Gold:   49         SH:  0    Dex: 15    Spells: 1/1 levels left

rFire   . . .      SeeInvis .    a - +0 trident
rCold   . . .      Faith    .    (no shield)
rNeg    . . .      Spirit   .    b - +0 leather armour
rPois   .          Reflect  .    c - +0 helmet
rElec   .          Rampage  .    (no cloak)
rCorr   .                        (no gloves)
Will    .....                    (no boots)
Stlth   +                        (no amulet)
HPRegen 0.23/turn                (no ring)
MPRegen 0.08/turn                (no ring)

@: no status effects
A: (nimble swimmer 2), mertail
a: no special abilities


You were on level 2 of the Dungeon.
You visited 1 branch of the dungeon, and saw 2 of its levels.

You collected 49 gold pieces.

Inventory:

Hand Weapons
 a - a +0 trident (weapon)
Missiles
 d - 3 throwing nets (quivered)
 e - a javelin
 h - 3 boomerangs
Armour
 b - a +0 leather armour (worn)
 c - a +0 helmet (worn)
Jewellery
 g - an amulet of faith
Scrolls
 f - a scroll of silence {unknown}
 i - a scroll of blinking {unknown}
 j - a scroll of noise {unknown}
 k - a scroll of identify {unknown}


   Skills:
 + Level 2.4 Fighting
 * Level 4.5 Polearms
 + Level 2.2 Throwing
 + Level 0.5 Armour
 + Level 4.2 Dodging


You had one spell level left.
You didn't know any spells.
Your spell library was empty.

Dungeon Overview and Level Annotations

Branches:
Dungeon (2/15)

Altars:

Shops:
D:1 ?


Innate Abilities, Weirdness & Mutations

((You are very nimble when in or above water. (Stealth+, EV+, Speed+++)))
Your lower body shifts to a powerful aquatic tail in water.


Message History

Things that are here:
a +0 dagger; 5 stones HP restored.
A quokka and a ball python come into view.
Found a short sword.
You reach to attack!
You hit the ball python.
You kill the ball python!
You miss the quokka.
The quokka bites you but does no damage. x2
You hit the quokka.
You kill the quokka!
No target in view!
Things that are here:
a +0 dagger; 5 stones
Found a ring mail.
There is an open door here.
Found a hand axe.
You see here a +0 hand axe.
A frilled lizard comes into view.
The frilled lizard hisses angrily.
You puncture the frilled lizard!
You kill the frilled lizard!
Done exploring.
There is a stone staircase leading down here.
You climb downwards.
The gnoll shouts! x2; You hear a shout!
There is a stone staircase leading up here.
You hit the gnoll but do no damage.
A gnoll comes into view. It is wielding a +2 spear of flaming.
The gnoll hits you with a +0 spear!
You closely miss the gnoll. The gnoll hits you with a +0 spear!
The gnoll hits you from afar with a +2 spear of flaming.
* * * LOW HITPOINT WARNING * * *
The gnoll burns you.
* * * LOW HITPOINT WARNING * * *
You hit the gnoll.
The gnoll is lightly wounded.
The gnoll closely misses you. The gnoll hits you but does no damage.
The gnoll hits you with a +0 spear.
You die... ### #.# ##.## ggg #g# #@# ###

You could see 4 gnolls.

Vanquished Creatures
  A dart slug (D:1)
  2 ball pythons (D:1)
  4 bats (D:1)
  An endoplasm (D:1)
  2 hobgoblins (D:1)
  4 kobolds (D:1)
  A quokka (D:1)
  2 frilled lizards (D:1)
  A goblin (D:1)
  A rat (D:1)
19 creatures vanquished.

Notes
Turn   | Place    | Note
-------+----------+-------------------------------------------
     0 | D:1      | voltaire321 the Merfolk Gladiator began the quest for the
                  | Orb.
     0 | D:1      | Reached XP level 1. HP: 16/16 MP: 1/1
   150 | D:1      | Reached XP level 2. HP: 20/23 MP: 2/2
   275 | D:1      | Found Rysegg's Magic Scroll Shoppe.
   815 | D:2      | Slain by a gnoll

Illustrated notes

Levels and vault maps discovered:
D:1:      dpeg_arrival_connections, layout_basic, serial_shops,
          nicolae_shop_tiny_statue_garden, bh_walls_and_bars
D:2:      layout_basic

Action                     || total
---------------------------++-------
  Melee: Trident           ||    64
 Armour: Leather armour    ||    13
  Dodge: Dodged            ||    39

Table legend: (Time is in decaauts)
 A = Elapsed time spent in this place.
 B = Non-inter-level travel time spent in this place.
 C = Inter-level travel time spent in this place.
 D = Time resting spent in this place.
 E = Time spent auto-exploring this place.
 F = Levels seen in this place.
 G = Mean time per level.
                   A        B        C        D        E       F      G
               +--------+--------+--------+--------+--------+-----+--------+
         Total |    820 |    776 |     44 |      0 |    614 |   2 |  410.0 |
       Dungeon |    820 |    776 |     44 |      0 |    614 |   2 |  410.0 |
               +--------+--------+--------+--------+--------+-----+--------+

Top non-repeatable levels by time:
     D:1: 816 daAuts
     D:2: 4 daAuts
